 Dungeon Crawl Stone Soup version 0.29-a0-993-g4a18f31a58 (webtiles) character file.

Game seed: 6559565840981402459

1022 Nato the Cleaver (level 8, -3/64 HPs)
             Began as a Hill Orc Fighter on Aug 3, 2022.
             Killed from afar by a steam dragon (20 damage)
             ... with a ball of steam
             ... on level 6 of the Dungeon.
             The game lasted 00:07:40 (4791 turns).

Nato the Cleaver (Hill Orc Fighter)                 Turns: 4791, Time: 00:07:41

Health: -3/64      AC: 17    Str: 21    XL:     8   Next: 22%
Magic:  8/8        EV:  6    Int:  8    God:
Gold:   309        SH:  5    Dex: 16    Spells: 7/7 levels left

rFire   . . .      SeeInvis .   a - +0 war axe
rCold   . . .      Faith    .   c - +0 buckler
rNeg    . . .      Spirit   .   B - +0 plate armour
rPois   .          Reflect  .   (no helmet)
rElec   .          Harm     .   (no cloak)
rCorr   .          Rampage  .   r - +0 pair of gloves
Will    .....                   (no boots)
Stlth   ..........              (no amulet)
HPRegen 0.20/turn               m - +6 ring of dexterity
MPRegen 0.11/turn               o - +4 ring of protection

@: no status effects
A: no striking features
a: no special abilities


You were on level 6 of the Dungeon.
You visited 1 branch of the dungeon, and saw 6 of its levels.

You collected 309 gold pieces.

Inventory:

Hand Weapons
 a - a +0 war axe (weapon)
 x - the +1 short sword of the Crafting Salmon {spect, Dex+3}
   (You found it on level 2 of the Dungeon)

   When its wielder attacks, the weapon's spirit leaps out and strikes again.
   The spirit shares a part of any damage it takes with its wielder.
   Dex:       It affects your dexterity (+3).
Armour
 c - a +0 buckler (worn)
 r - a +0 pair of gloves (worn)
 A - a +2 robe of willpower
 B - a +0 plate armour (worn)
Jewellery
 d - a ring of see invisible
 h - a +6 ring of intelligence
 m - a +6 ring of dexterity (left hand)
 o - a +4 ring of protection (right hand)
 q - a ring of magical power
 w - a ring of magical power
Wands
 k - a wand of roots (12)
Scrolls
 e - 9 scrolls of identify {unknown}
 g - a scroll of noise {unknown}
 l - a scroll of summoning {unknown}
 p - 4 scrolls of poison {unknown}
 s - 3 scrolls of enchant armour {unknown}
 u - a scroll of fear {unknown}
 v - 3 scrolls of teleportation {unknown}
 y - a scroll of silence {unknown}
 z - a scroll of vulnerability {unknown}
 C - a scroll of torment {unknown}
Potions
 b - a potion of lignification {unknown}
 f - 2 potions of invisibility {unknown}
 i - 2 potions of attraction {unknown}
 j - 2 potions of heal wounds
 n - 3 potions of curing {unknown}
 t - a potion of degeneration {unknown}


   Skills:
 - Level 3.6 Fighting
 + Level 11.1 Axes
 + Level 5.7 Armour
 - Level 3.2 Shields


You had 7 spell levels left.
You didn't know any spells.
Your spell library contained the following spells:

 Spells                   Type           Power      Damage    Failure   Level
 Apportation              Tloc           0%         N/A       100%        1
 Foxfire                  Conj/Fire      0%         2x1d4     100%        1
 Necrotise                Necr           0%         1d4       100%        1
 Summon Small Mammal      Summ           0%         N/A       100%        1
 Call Canine Familiar     Summ           0%         N/A       100%        3
 Conjure Flame            Conj/Fire      0%         6-21      100%        3
 Ignite Poison            Fire/Tmut/Pois 0%         N/A       100%        3
 Inner Flame              Hex/Fire       0%         N/A       100%        3
 Mephitic Cloud           Conj/Pois/Air  0%         N/A       100%        3
 Portal Projectile        Hex/Tloc       0%         N/A       100%        3
 Summon Guardian Golem    Hex/Summ       0%         N/A       100%        3
 Flame Wave               Conj/Fire      0%         2d4       100%        4
 Leda's Liquefaction      Hex/Erth       0%         N/A       100%        4
 Freezing Cloud           Conj/Ice/Air   0%         6-21      100%        5


Dungeon Overview and Level Annotations

Branches:
Dungeon (6/15)
 Temple: D:4-7

Altars:
Qazlal
Sif Muna

Shops:
D:5 (

Annotations:
D:6 Sigmund


Message History

The steam dragon bites you! The steam dragon barely misses you.
You barely miss the steam dragon.
The steam dragon is moderately wounded.
You are engulfed in a cloud of scalding steam.
The steam dragon barely misses you.
The steam dragon claws you but does no damage.
You hit the steam dragon but do no damage.
The steam dragon is moderately wounded.
The steam dragon closely misses you. The steam dragon claws you.
You are too injured to fight recklessly!
You are too injured to fight recklessly!
You are too injured to fight recklessly!
You slash the steam dragon!
The steam dragon is heavily wounded.
The steam dragon barely misses you. You block the steam dragon's attack.
You slash the steam dragon!
The steam dragon is almost dead.
The steam dragon barely misses you.
The steam dragon claws you but does no damage.
You hit the steam dragon but do no damage.
The steam dragon is almost dead.
The steam dragon bites you but does no damage.
The steam dragon closely misses you.
You barely miss the steam dragon.
The steam dragon is almost dead.
Sigmund the Dreaded comes into view.
He is wielding a +0 scythe and carrying a wand of roots (6).
The steam dragon breathes steam at you. The ball of steam hits you!
* * * LOW HITPOINT WARNING * * *
You barely miss the steam dragon.
The steam dragon is almost dead.
You are engulfed in a cloud of scalding steam.
The steam dragon bites you but does no damage.
The steam dragon claws you but does no damage.
You hit the steam dragon.
The steam dragon is almost dead.
You are engulfed in a cloud of scalding steam.
The steam dragon breathes steam at you. The ball of steam hits you!!
You die...

♣♣.♣
#..#
♣.♣♣
#..#
♣..♣
#..#
♣♣.♣
####
♣♣.♣
♣..♣
♣§♣♣
♣§♣
♣@♣
♣D♣
♣@♣
.?♣
..♣
....
♣♣..
♣♣♣


You could see a steam dragon (catching breath) and Sigmund.

Vanquished Creatures
  A black bear (D:5)
  2 ogres
  2 phantoms
  A necrophage (D:5)
  3 scorpions
  2 howler monkeys
  A jelly (D:5)
  Terence (D:2)
  Natasha (twice) (D:2)
  3 iguanas
  4 adders
  2 worms
  2 dart slugs
  12 orcs
  7 ball pythons
  6 endoplasms
  2 giant cockroaches (D:1)
  7 goblins
  7 hobgoblins
  4 jackals (D:5)
  2 quokkas
  5 bats
  7 frilled lizards
  4 kobolds
  2 rats
91 creatures vanquished.

Vanquished Creatures (others)
  19 fungi (D:4)
19 creatures vanquished.

Grand Total: 110 creatures vanquished

Notes
Turn   | Place    | Note
-------+----------+-------------------------------------------
     0 | D:1      | Nato the Hill Orc Fighter began the quest for the Orb.
     0 | D:1      | Reached XP level 1. HP: 19/19 MP: 1/1
    38 | D:1      | Reached skill level 3 in Axes
   190 | D:1      | Reached XP level 2. HP: 21/26 MP: 2/2
   590 | D:1      | Reached skill level 4 in Axes
   853 | D:2      | Reached XP level 3. HP: 22/31 MP: 3/3
   981 | D:2      | You fall into a shaft and drop 2 floors!
   989 | D:4      | Noticed a phantom
  1012 | D:4      | Noticed a scorpion
  1019 | D:4      | Killed a scorpion
  1020 | D:4      | Reached skill level 6 in Axes
  1020 | D:4      | Reached XP level 4. HP: 33/39 MP: 4/4
  1020 | D:4      | Killed a phantom
  1021 | D:4      | Reached skill level 7 in Axes
  1021 | D:4      | Reached XP level 5. HP: 38/45 MP: 5/5
  1483 | D:3      | Found a faded altar of an unknown god.
  1533 | D:3      | Found a shimmering blue altar of Sif Muna.
  1878 | D:2      | Noticed Terence
  1890 | D:2      | Killed Terence
  1964 | D:2      | Reached skill level 8 in Axes
  1964 | D:2      | Reached XP level 6. HP: 51/51 MP: 6/6
  2030 | D:2      | Noticed Natasha
  2035 | D:2      | Killed Natasha
  2308 | D:2      | Identified the +1 short sword of the Crafting Salmon
                  | {spect, Dex+3}
  2333 | D:2      | Noticed Natasha
  2339 | D:2      | Killed Natasha
  2819 | D:4      | Found a stormy altar of Qazlal.
  2973 | D:4      | Reached skill level 9 in Axes
  3079 | D:4      | Reached XP level 7. HP: 57/57 MP: 7/7
  3524 | D:5      | Entered Level 5 of the Dungeon
  3598 | D:5      | Reached skill level 10 in Axes
  3800 | D:5      | Found Kiocvaiq's Weapon Boutique.
  4025 | D:5      | Reached skill level 5 in Armour
  4124 | D:5      | Reached XP level 8. HP: 64/64 MP: 8/8
  4635 | D:6      | Reached skill level 11 in Axes
  4789 | D:6      | Noticed Sigmund
  4791 | D:6      | Killed from afar by a steam dragon

Illustrated notes

Levels and vault maps discovered:
D:1:      matt_arrival_grand_opening, layout_basic
D:2:      layout_basic, minmay_misc_feat_alley, solitary_fountain, st_stairs_10,
          uniq_natasha, uniq_terence
D:3:      layout_rooms, led_sif_book, chequers_ecumenical_altar_grove
D:4:      layout_basic, nicolae_overflow_crystal_walls, serial_aquarium,
          aquarium_bridge_square [aquarium_subvault_bridge,
          aquarium_subvault_balcony, aquarium_subvault_wall,
          aquarium_subvault_balcony], aquarium_bridge_square
          [aquarium_subvault_bridge, aquarium_subvault_bridge,
          aquarium_subvault_window, aquarium_subvault_wall],
          aquarium_window_corner, aquarium_window_corner, aquarium_view_2d,
          aquarium_view_2f, chequers_serial_rivers_small_3,
          minmay_close_crescents
D:5:      layout_basic, serial_shops, nicolae_shop_advertising_works
          [nicolae_subvault_shop_adworks]
D:6:      kb_forest_paths, layout_basic, mainiacjoe_overflow_large_starburst,
          minitemple, grunt_ministairs_3, uniq_sigmund

Skill      XL: |  1  2  3  4  5  6  7  8 |
---------------+-------------------------+-----
Axes           | 3 4 6 7 8 9 10 11 | 11.1
Armour         | 5 |  5.7
Fighting       | |  3.6
Shields        | |  3.2

Action                   |  1- 3 |  4- 6 |  7- 9 || total
-------------------------+-------+-------+-------++-------
Melee: War axe           |    42 |    80 |    97 ||   219
Evoke: Wand              |     4 |       |       ||     4
  Use: Potion            |     1 |       |       ||     1
Armor: Scale mail        |    16 |    37 |       ||    53
       Plate armour      |       |       |    57 ||    57
Dodge: Dodged            |    24 |    23 |    27 ||    74
Block: Buckler           |     7 |    15 |    21 ||    43

Table legend: (Time is in decaauts)
 A = Elapsed time spent in this place.
 B = Non-inter-level travel time spent in this place.
 C = Inter-level travel time spent in this place.
 D = Time resting spent in this place.
 E = Time spent auto-exploring this place.
 F = Levels seen in this place.
 G = Mean time per level.
                   A        B        C        D        E       F      G
               +--------+--------+--------+--------+--------+-----+--------+
         Total |   4830 |   4492 |    338 |      0 |   3903 |   6 |  805.0 |
       Dungeon |   4830 |   4492 |    338 |      0 |   3903 |   6 |  805.0 |
               +--------+--------+--------+--------+--------+-----+--------+

Top non-repeatable levels by time:
     D:4: 1227 daAuts
     D:5: 1097 daAuts
     D:2: 863 daAuts
     D:1: 856 daAuts
     D:3: 615 daAuts
     D:6: 170 daAuts
